 Dungeon Crawl Stone Soup version 0.22-a0-282-gdd34a7d (webtiles) character file.

158 ohad the Ruffian (level 5, -9/46 HPs)
             Began as a Troll Transmuter on Mar 17, 2018.
             Was a Follower of Cheibriados.
             Mangled by an ogre
             ... wielding a +0 giant spiked club
              (22 damage)
             ... on level 4 of the Dungeon.
             The game lasted 00:04:45 (2138 turns).

ohad the Ruffian (Troll Transmuter)                 Turns: 2138, Time: 00:04:46

Health: -9/46      AC:  6    Str: 21    XL:     5   Next: 16%
Magic:  5/5        EV:  8    Int: 13    God:    Cheibriados [*.....]
Gold:   133        SH:  8    Dex: 13    Spells: 3/6 levels left

rFire    + . .     SeeInvis .     - Unarmed
rCold    . . .     Gourm    +   t - +0 shield
rNeg     . . .     Faith    .   b - +0 robe
rPois    +         Spirit   .   (helmet restricted)
rElec    .         Reflect  .   A - +0 cloak {rPois}
rCorr    .         Harm     .   (gloves unavailable)
MR       .....                  (boots unavailable)
Stlth    +.........             (no amulet)
HPRegen  0.55/turn              e - ring of protection from fire
MPRegen  0.09/turn              (no ring)

@: very slow
A: large, unfitting armour, claws 3, fast metabolism 3, gourmand, regeneration
1, shaggy fur 1, tough skin 2
a: Bend Time, Renounce Religion


You were on level 4 of the Dungeon.
You worshipped Cheibriados.
Cheibriados was aware of your devotion.
You were very full.

You visited 1 branch of the dungeon, and saw 4 of its levels.

You collected 133 gold pieces.

Inventory:

Hand Weapons
 w - a +0 blowgun
Missiles
 a - 38 arrows
 i - 7 tomahawks (quivered)
 k - 41 bolts
 x - 9 poisoned needles
Armour
 b - a +0 robe (worn)
 n - a scarf of resistance
 t - a +0 shield (worn)
 A - a +0 cloak of poison resistance (worn)
Jewellery
 e - a ring of protection from fire (left claw)
Scrolls
 f - a scroll of remove curse {unknown}
 h - 3 scrolls of identify {unknown}
 o - a scroll of enchant weapon {unknown}
 y - a scroll of magic mapping {unknown}
Potions
 c - 2 potions of curing {unknown}
 g - 3 potions of might {unknown}
 j - 2 potions of degeneration {unknown}
 m - a potion of flight {unknown}
 p - a potion of lignification {unknown}
 q - a potion of haste {unknown}
 r - a potion of brilliance {unknown}
 s - 3 potions of magic {unknown}
 v - a potion of heal wounds {unknown}
 z - 2 potions of ambrosia {unknown}
Comestibles
 d - 6 rations


   Skills:
 - Level 0.7 Fighting
 - Level 1.5 Dodging
 + Level 2.2 Shields
 - Level 5.0 Unarmed Combat
 - Level 1.2 Spellcasting
 - Level 1.3 Transmutations


You had 3 spell levels left.
You knew the following spells:

 Your Spells              Type           Power        Failure   Level  Hunger
a - Beastly Appendage     Tmut           #.....       54%         1    ##.....
b - Sticks to Snakes      Tmut           #.......     69%         2    ###....


Dungeon Overview and Level Annotations

Branches:
Dungeon (4/15)
 Temple: D:4-7

Altars:
Cheibriados
Uskayaw


Innate Abilities, Weirdness & Mutations

You are too large for most types of armour.
You have claws for hands.
Your metabolism is lightning-fast.
You like to eat raw meat.
Your natural rate of healing is unusually fast.
You are covered in fur. (AC +1)
You have very tough skin. (AC +2)


Message History

There is a stone staircase leading up here.
Unknown command.
Unknown command.
Unknown command.
You swing at nothing.
The hound stops to sniff the ground.
You claw the ogre!
The ogre is heavily wounded.
The hound pauses to sniff the ground.
The ogre hits you with a giant spiked club!!
Ouch! That really hurt!
You scratch the ogre.
The ogre is heavily wounded.
You block the hound's attack. The hound barely misses you.
You claw the ogre!
The ogre is almost dead.
The hound bites you.
* * * LOW HITPOINT WARNING * * *
The ogre hits you with a giant spiked club!!
You die...

## ### . ..# #.
#.# #< #.#
#..... #..#.##
##.#...O.#.####
......h@.......
##.##.####.####
#


You could see an ogre and a hound.

Vanquished Creatures
  Crazy Yiuf (D:3)
  Jessica (D:3)
  3 gnolls (D:2)
  An adder (D:2)
  A worm (D:3)
  A leopard gecko (D:3)
  4 orcs (D:3)
  4 bats
  3 giant cockroaches
  5 goblins
  10 hobgoblins
  5 jackals
  A quokka (D:3)
  6 frilled lizards
  7 kobolds
  4 rats
  A fungus (D:3)
58 creatures vanquished.

Notes
Turn   | Place    | Note
-------+----------+-------------------------------------------
     0 | D:1      | ohad the Troll Transmuter began the quest for the Orb.
     0 | D:1      | Reached XP level 1. HP: 18/18 MP: 1/1
   319 | D:1      | Reached XP level 2. HP: 25/26 MP: 2/2
   706 | D:2      | Reached skill level 4 in Unarmed Combat
   742 | D:2      | Reached XP level 3. HP: 26/32 MP: 3/3
   896 | D:2      | Found a snail-covered altar of Cheibriados.
   930 | D:2      | Became a worshipper of Cheibriados the Contemplative
   968 | D:2      | Reached XP level 4. HP: 38/40 MP: 4/4
  1089 | D:2      | Reached skill level 5 in Unarmed Combat
  1170 | D:2      | Learned a level 2 spell: Sticks to Snakes
  1568 | D:3      | Reached * piety under Cheibriados
  1593 | D:3      | Noticed Jessica
  1597 | D:3      | Killed Jessica
  1597 | D:3      | Reached skill level 1 in Shields
  1879 | D:3      | Found a runed door.
  1883 | D:3      | Noticed Crazy Yiuf
  1888 | D:3      | Killed Crazy Yiuf
  1888 | D:3      | Reached XP level 5. HP: 46/46 MP: 5/5
  2092 | D:3      | Found a hide-covered altar of Uskayaw.
  2103 | D:3      | Noticed a dagger
  2104 | D:3      | Noticed a dagger
  2134 | D:4      | Noticed an ogre
  2138 | D:4      | Mangled by an ogre

Vault maps used:
D:1:      elethiomel_arrival_quiet
D:2:      lemuel_crystal_altar
D:3:      minmay_wonky_spiral, dancing_weapons_uskayaw, first_ration,
          uniq_crazy_yiuf_cottage, uniq_jessica
D:4:      elyvilon_altar_5, minmay_temple_entry_large_hall

Skill      XL: |  1  2  3  4 |
---------------+-------------+-----
Unarmed Combat | 4 5 |  5.0
Shields        | 2 |  2.2
Fighting       | |  0.7
Dodging        | |  1.5
Spellcasting   | |  1.2
Transmutations | |  1.3

Action                   |  1- 3 |  4- 6 || total
-------------------------+-------+-------++-------
Melee: Unarmed           |    72 |    96 ||   168
       Punch             |     2 |     1 ||     3
  Eat: Chunk             |    14 |    10 ||    24
Armor: Robe              |    22 |    41 ||    63
Dodge: Dodged            |    32 |    34 ||    66
Block: Shield            |       |    32 ||    32

Table legend:
 A = Spawn XP
 B = Non-spawn XP
 C = Spawn XP percentage of total XP
 D = Spawn monster count
 E = Non-spawn monster count
 F = Spawn count percentage of total count
 G = Total turns spent on level
                    A         B        C        D         E        F      G
               +---------+---------+-------+---------+---------+-------+---------
         Total |       0 |     226 |   0.0 |       0 |      57 |   0.0 |  2138
               +---------+---------+-------+---------+---------+-------+---------
           D:1 |       0 |      18 |   0.0 |       0 |      11 |   0.0 |   611
           D:2 |       0 |      90 |   0.0 |       0 |      25 |   0.0 |   689
           D:3 |       0 |     118 |   0.0 |       0 |      21 |   0.0 |   834
               +---------+---------+-------+---------+---------+-------+---------
